AoeStats
← Thorfinn

Arabia

509036859Analyzed
1v1 RM · 8d ago on Sep 25, 2026· 58m 51s· 2 players
Game mode
Random Map
Map size
Tiny (2 player)
Population
200
Speed
Normal
Resources
Standard
Victory
Conquest
Starting age
Dark Age
Ending age
Imperial Age
RankedLock teamsTeams togetherTeam positionsShared explorationLock speedFull tech treeHidden civsTurbo modeCheats
Victory
Defeat
🇺🇾 Danes · Uruguay
963
+15
🇨🇱 Spanish · Chile
951
-15
Pif
2:41 Loom
2:44 Loom
10:35 Feudal Age
8:52 Loom
9:47 Loom
15:13 Castle Age
13:30 Fletching
16:12 Bodkin Arrow
22:52 Scale Barding Armor
30:12 Town Watch
31:15 Double-Bit Axe
35:36 Chain Barding Armor
41:14 Bow Saw
42:57 Forging
48:46 Murder Holes
49:01 Masonry
50:00 Horse Collar
50:57 Iron Casting
51:10 Ballistics
54:22 Heavy Plow
54:25 Inquisition
56:58 Imperial Age
55:07 Wheelbarrow
55:55 Husbandry
56:34 Stone Mining
56:34 Gold Mining
59:36 Plate Barding Armor
Thorfinn
7:24 Loom
9:32 Feudal Age
10:35 Double-Bit Axe
10:48 Man-at-Arms
13:35 Arson
16:49 Wheelbarrow
21:00 Castle Age
19:46 Horse Collar
20:19 Fletching
21:05 Elite Skirmisher
22:24 Bodkin Arrow
30:02 Town Watch
32:35 Forging
34:10 Heavy Plow
34:03 Gold Mining
34:25 Bow Saw
35:13 Ballistics
39:48 Imperial Age
38:52 Padded Archer Armor
41:20 Bracer
41:52 Conscription
53:44 Chemistry
55:54 Scale Mail Armor
57:58 Iron Casting
57:57 Hand Cart
Connection lost

Rejoining the realm…

Still unreachable

The connection could not be restored.

Session expired

The server has moved on; the page needs a fresh start.